 Dungeon Crawl Stone Soup version 0.29-a0-598-gd8304a5bf4 (webtiles) character file.

Game seed: 1034935246072937104

93 DocClef the Skirmisher (level 4, -10/44 HPs)
             Began as a Draconian Fighter on June 16, 2022.
             Killed by nerve-wracking pain
             ... invoked by Grinder
              (14 damage)
             ... on level 3 of the Dungeon.
             The game lasted 00:01:51 (1631 turns).

DocClef the Skirmisher (Draconian Fighter)          Turns: 1631, Time: 00:01:51

Health: -10/44     AC:  6    Str: 21    XL:     4   Next: 37%
Magic:  4/4        EV: 13    Int:  8    God:
Gold:   80         SH:  6    Dex: 22    Spells: 3/3 levels left

rFire   . . .      SeeInvis .   a - +0 war axe
rCold   . . .      Faith    .   b - +0 buckler
rNeg    . . .      Spirit   .   (body armour unavailable)
rPois   .          Reflect  .   (helmet restricted)
rElec   .          Harm     .   j - +0 cloak
rCorr   .          Rampage  .   (no gloves)
Will    .....                   (no boots)
Stlth   ++........              (no amulet)
HPRegen 0.14/turn               g - +6 ring of dexterity
MPRegen 0.09/turn               n - +6 ring of dexterity

@: no status effects
A: AC +5, unfitting armour, cold-blooded
a: no special abilities


You were on level 3 of the Dungeon.
You visited 1 branch of the dungeon, and saw 3 of its levels.

You collected 80 gold pieces.

Inventory:

Hand Weapons
 a - a +0 war axe (weapon)
Armour
 b - a +0 buckler (worn)
 j - a +0 cloak (worn)
Jewellery
 g - a +6 ring of dexterity (left hand)
 n - a +6 ring of dexterity (right hand)
Scrolls
 d - 3 scrolls of identify {unknown}
 o - a scroll of poison {unknown}
Potions
 c - a potion of might
 e - 3 potions of degeneration {unknown}
 f - a potion of berserk rage {unknown}
 h - 2 potions of curing {unknown}
 i - a potion of flight {unknown}
 k - 2 potions of heal wounds {unknown}
 l - a potion of lignification {unknown}
 m - a potion of haste {unknown}


   Skills:
 + Level 5.8 Fighting
 - Level 2.0 Axes
 - Level 2.6 Dodging
 - Level 3.0 Shields


You had 3 spell levels left.
You didn't know any spells.
Your spell library was empty.

Dungeon Overview and Level Annotations

Branches:
Dungeon (3/15)

Altars:

Annotations:
D:3 Grinder


Innate Abilities, Weirdness & Mutations

Your plain brown scales are hard. (AC +5)
You cannot fit into any form of body armour.
You are cold-blooded and may be slowed by cold attacks.


Message History

Grinder gestures at you. You resist with significant effort.
You closely miss Grinder.
Grinder is moderately wounded.
Grinder blinks!
You hit Grinder.
Grinder is moderately wounded.
Grinder barely misses you.
You slash Grinder! You tail-slap Grinder.
Grinder is severely wounded.
Grinder barely misses you. Grinder completely misses you.
You hit Grinder but do no damage.
Your tail-slap misses Grinder.
Grinder is severely wounded.
Grinder hits you but does no damage.
You hit Grinder. You tail-slap Grinder.
Grinder is almost dead.
Grinder gestures at you. Pain shoots through your body!
* * * LOW HITPOINT WARNING * * *
Grinder barely misses you.
You closely miss Grinder.
Grinder is almost dead.
Grinder blinks!
Unknown command.
A hobgoblin comes into view.
You hit Grinder but do no damage.
Grinder is almost dead.
Grinder blinks!
You closely miss Grinder.
Grinder is severely wounded.
Grinder hits you!
* * * LOW HITPOINT WARNING * * *
You writhe in agony.
* * * LOW HITPOINT WARNING * * *
Grinder completely misses you.
You hit Grinder but do no damage.
Grinder is severely wounded.
Grinder gestures at you. Pain shoots through your body!
You die...

.......#####....#
#.#....#........## ..
.......#......!..## ..#
..............#...##.##.
.......................
.....###.###..#....#.#
.....###.# #....g....
.........###..##5#.#.##.
................@.......
........................
......##.###............
......##.# #...#:#.#.##.
.......... #...#.#.# #
......##.###...#.#.#
..#...##.# #...#.# #
..#..... .......
..#.#.##.


You could see Grinder and a hobgoblin.

Vanquished Creatures
  5 adders
  A dart slug (D:2)
  A worm (D:2)
  8 ball pythons (D:1)
  5 bats (D:1)
  An endoplasm (D:2)
  5 giant cockroaches
  3 hobgoblins
  4 jackals (D:2)
  4 kobolds
  5 goblins
  2 rats
44 creatures vanquished.

Vanquished Creatures (others)
  A plant (D:1)
1 creature vanquished.

Grand Total: 45 creatures vanquished

Notes
Turn   | Place    | Note
-------+----------+-------------------------------------------
     0 | D:1      | DocClef the Draconian Fighter began the quest for the Orb.
     0 | D:1      | Reached XP level 1. HP: 19/19 MP: 1/1
   250 | D:1      | Reached XP level 2. HP: 23/27 MP: 2/2
   251 | D:1      | Reached skill level 4 in Fighting
   795 | D:1      | Reached XP level 3. HP: 33/34 MP: 3/3
   989 | D:2      | Reached skill level 5 in Fighting
  1243 | D:2      | Reached XP level 4. HP: 39/42 MP: 4/4
  1604 | D:3      | Noticed Grinder
  1605 | D:3      | Paralysed by Grinder for 2 turns
  1631 | D:3      | Killed from afar by Grinder

Illustrated notes

Levels and vault maps discovered:
D:1:      saegor_arrival_simple_e, layout_rooms, serial_forest,
          infiniplex_forest_lined_2, infiniplex_forest_end_double,
          infiniplex_forest_clump_tiny, infiniplex_forest_straight_2,
          infiniplex_forest_lined_corner, infiniplex_forest_end_2,
          infiniplex_forest_clump_cross, infiniplex_forest_end_2,
          infiniplex_forest_lined_2, fountainhead
D:2:      layout_loops_cross, kennysheep_generic_room_6
D:3:      kennysheep_big_flooded_room, layout_basic, lemuel_round_altar,
          nicolae_ecumenical_lake_church, uniq_grinder

Skill      XL: |  1  2  3 |
---------------+----------+-----
Fighting       | 4 5 |  5.8
Axes           | |  2.0
Dodging        | |  2.6
Shields        | |  3.0

Action                   |  1- 3 |  4- 6 || total
-------------------------+-------+-------++-------
Melee: War axe           |   106 |    17 ||   123
       Tailslap          |    12 |     3 ||    15
 Stab: Sleeping          |     1 |     1 ||     2
Armor: Skin              |    41 |     3 ||    44
Dodge: Dodged            |    82 |     8 ||    90
Block: Buckler           |    34 |     1 ||    35

Table legend: (Time is in decaauts)
 A = Elapsed time spent in this place.
 B = Non-inter-level travel time spent in this place.
 C = Inter-level travel time spent in this place.
 D = Time resting spent in this place.
 E = Time spent auto-exploring this place.
 F = Levels seen in this place.
 G = Mean time per level.
                   A        B        C        D        E       F      G
               +--------+--------+--------+--------+--------+-----+--------+
         Total |   1683 |   1586 |     97 |      0 |   1236 |   3 |  561.0 |
       Dungeon |   1683 |   1586 |     97 |      0 |   1236 |   3 |  561.0 |
               +--------+--------+--------+--------+--------+-----+--------+

Top non-repeatable levels by time:
     D:1: 874 daAuts
     D:2: 739 daAuts
     D:3: 70 daAuts
